 Dungeon Crawl Stone Soup version 0.18-a0-1285-g60d00e1 (webtiles) character file.

9785 Gagarin the Zephyrmancer (level 11, 0/67 HPs)
             Began as a Halfling Air Elementalist on Feb 8, 2016.
             Was an Elder of Sif Muna.
             Slain by a skeletal warrior
             ... wielding a +0 long sword
              (28 damage)
             ... on level 10 of the Dungeon.
             The game lasted 01:19:14 (13534 turns).

Gagarin the Zephyrmancer (HaAE)                    Turns: 13534, Time: 01:19:14

Health: 0/67       AC:  5    Str: 11      XL:     11   Next: 80%
Magic:  2/21       EV: 19    Int: 18 (21) God:    Sif Muna [****..]
Gold:   590        SH:  0    Dex: 13 (14) Spells: 4 memorised, 13 levels left

rFire  . . .     SeeInvis .     d - +1 dagger (venom)
rCold  . . .     Gourm    .     U - +0 leather armour of Hairiness {Regen+ Str+3 Int+4 Dex-2} (curse)
rNeg   . . .     Faith    .     (shield restricted)
rPois  .         Spirit   .     l - +0 hat
rElec  .         Dismiss  .     (no cloak)
rCorr  .         Reflect  .     N - +0 pair of gloves
SustAt .         Harm     .     e - +0 pair of boots
MR     .....                    E - amulet of regeneration
Stlth  ++++......               Z - ring of wizardry
                                O - ring of wizardry

@: hasted, very quick, not resistant to hostile enchantments, stealthy
A: mutation resistance 1
a: Channel Energy, Forget Spell, Renounce Religion


You were on level 10 of the Dungeon.
You worshipped Sif Muna.
Sif Muna was greatly pleased with you.
You were not hungry.

You visited 1 branch of the dungeon, and saw 10 of its levels.

You collected 851 gold pieces.
You spent 215 gold pieces at shops.

Inventory:

Hand Weapons
 d - a +1 dagger of venom (weapon)
 y - a +2 dagger of draining
Missiles
 V - a throwing net (quivered)
Armour
 e - a +0 pair of boots (worn)
 l - a +0 hat (worn)
 N - a +0 pair of gloves (worn)
 U - the cursed +0 leather armour of Hairiness (worn) {Regen+ Str+3 Int+4 Dex-2}
   (You took it off a gnoll on level 7 of the Dungeon)

   It affects your strength (+3).
   It affects your intelligence (+4).
   It affects your dexterity (-2).
   It increases your rate of regeneration.
   It has a curse placed upon it.
Magical Staves
 m - an uncursed staff of conjuration {unknown}
Jewellery
 E - an amulet of regeneration (around neck)
 K - an uncursed amulet of harm
 O - a ring of wizardry (left hand)
 T - an uncursed ring of see invisible
 Z - a ring of wizardry (right hand)
Wands
 n - a wand of iceblast (5/15)
 s - a wand of slowing (24/48)
 t - a wand of confusion (33/48)
 z - a wand of paralysis (10/24)
 F - a wand of acid (0/15)
 Q - a wand of random effects (26/48)
 X - a wand of confusion (31/48)
Scrolls
 g - a scroll of enchant weapon {unknown}
 h - 3 scrolls of fog
 j - 2 scrolls of magic mapping
 k - 4 scrolls of amnesia
 u - 5 scrolls of remove curse
 B - a scroll of noise {unknown}
 C - 2 scrolls of immolation {unknown}
 D - 2 scrolls of identify
 H - a scroll of vulnerability {unknown}
 I - a scroll of fear
 J - a scroll of summoning
 W - a scroll of enchant armour {unknown}
 Y - a scroll of holy word {unknown}
Potions
 f - a potion of cancellation
 o - a potion of magic {unknown}
 p - 3 potions of curing
 r - a potion of invisibility {unknown}
 v - a potion of berserk rage {unknown}
 A - a potion of cure mutation {unknown}
 M - 2 potions of flight {unknown}
 R - a potion of might {unknown}
 S - a potion of brilliance {unknown}
Books
 a - a book of the Tempests

   Spells                             Type                      Level
   a - Static Discharge               Conjuration/Air              3
   b - Lightning Bolt                 Conjuration/Air              5
   c - Fireball                       Conjuration/Fire             5
   d - Tornado                        Air                          9
   e - Shatter                        Earth                        9
 b - a book of Air

   Spells                             Type                      Level
   a - Shock                          Conjuration/Air              1
   b - Swiftness                      Charms/Air                   2
   c - Repel Missiles                 Charms/Air                   2
   d - Static Discharge               Conjuration/Air              3
   e - Lightning Bolt                 Conjuration/Air              5
Miscellaneous
 G - a plain deck of wonders {drawn: 1}
Comestibles
 c - 8 bread rations
 q - 11 beef jerkies
 P - 3 meat rations


   Skills:
 + Level 3.3 Fighting
 + Level 3.7 Short Blades
 + Level 4.0 Armour
 + Level 8.9 Dodging
 + Level 7.0 Stealth
 + Level 6.6 Spellcasting
 + Level 6.0 Conjurations
 + Level 9.1 Air Magic
 + Level 1.3 Evocations


You had 13 spell levels left.
You knew the following spells:

 Your Spells              Type           Power        Failure   Level  Hunger
a - Shock                 Conj/Air       ####         1%          1    None
b - Repel Missiles        Chrm/Air       ###...       1%          2    None
c - Swiftness             Chrm/Air       ###.....     1%          2    None
d - Lightning Bolt        Conj/Air       ####......   5%          5    #####..


Dungeon Overview and Level Annotations

Branches:
Dungeon (10/15)            Temple (0/1) D:7
   Lair: D:8-11         Orc: D:9-12

Altars:
Ashenzari
Cheibriados
Elyvilon
Fedhas
Gozag
Kikubaaqudgha
Makhleb
Nemelex Xobeh
Pakellas
Qazlal
Sif Muna
Trog
Vehumet
Xom
Yredelemnul
The Shining One

Shops:
D:6 ?

Annotations:
D:3 Duffy's ghost, amateur DEFE


Innate Abilities, Weirdness & Mutations

You are small and have problems with some larger weapons.
You are somewhat resistant to further mutation.


Message History

Evoke which item? (* to show all) (? for menu, Esc to quit)
Okay, then.
Evoke which item? (* to show all) (? for menu, Esc to quit)
You draw a card...
It is the Alchemist.
You feel better. 46 of your gold pieces vanish!
The skeletal warrior hits you with a long sword!!
Evoke which item? (* to show all) (? for menu, Esc to quit)
Zapping:
Q - a wand of random effects (27/48)
Press: ? - help, Shift-Dir - straight line, f - skeletal warrior
Aim: a skeletal warrior, wielding a long sword (moderately damaged, covered in acid)
The skeletal warrior resists with almost no effort.
This wand has 26 charges left.
The skeletal warrior hits you with a long sword.
Press: ? - help, v - describe, . - travel
Here: a skeletal warrior, wielding a long sword (moderately damaged, covered in acid)
The floor.
Drink which item? (? for menu, Esc to quit)
You feel yourself speed up.
The skeletal warrior hits you with a long sword!!
You die...

##########################.......
.................................
..........................z......
##############..########..######!
#..# #..# #. #..# #..# #.
##############..########..######.
.................................
...)............@z.z....)........
#####..#####..#########..#####..#
# #..# #..# #..# #..# # #..# #..#
#..# #..# # #..# #..# #..# #..# #
#..# #..# #..# #..# # #..# #..#
#..# #..# # #### #### ####


You could see 2 skeletal warriors.

Vanquished Creatures
  A skeletal warrior (D:10)
  2 unseen horrors
  A hill giant (D:10)
  A troll (D:10)
  A two-headed ogre (D:8)
  A slime creature (D:8)
  6 yaks (D:9)
  3 hippogriffs
  A hungry ghost (D:8)
  2 vampire mosquitoes
  A water moccasin (D:5)
  4 orc warriors
  A black bear (D:8)
  5 ice beasts
  5 sky beasts
  8 ogres
  3 phantoms
  2 centaurs
  2 big kobolds
  7 giant frogs
  A scorpion (D:4)
  10 killer bees
  2 giant frog zombies (D:5)
  3 crimson imps
  A quasit (D:8)
  8 hounds
  An orc priest (D:7)
  3 jellies
  2 giant frog skeletons
  4 iguanas
  Ijyb (D:3)
  4 orc wizards
  10 worker ants
  A hound skeleton (D:8)
  12 gnolls
  8 adders
  2 shadow imps (D:7)
  2 oozes
  An adder skeleton (D:6)
  2 adder zombies (D:5)
  5 worms
  7 giant geckos
  29 orcs
  2 ball pythons
  7 giant cockroaches
  5 goblins
  7 hobgoblins
  10 jackals
  7 quokkas
  9 bats
  A giant gecko skeleton (D:8)
  2 giant gecko zombies
  2 giant newts
  A jackal skeleton (D:4)
  17 kobolds
  2 quokka skeletons
  4 rats
252 creatures vanquished.

Vanquished Creatures (collateral kills)
  A cyclops (D:8)
  A jelly (D:8)
  An adder (D:8)
3 creatures vanquished.

Vanquished Creatures (others)
  An orc warrior (D:7)
  An orc wizard (D:7)
  A worker ant zombie (D:7)
  A gnoll (D:7)
  4 orcs (D:7)
8 creatures vanquished.

Grand Total: 263 creatures vanquished

Notes
Turn   | Place    | Note
--------------------------------------------------------------
     0 | D:1      | Gagarin the Halfling Air Elementalist began the quest for the Orb.
     0 | D:1      | Reached XP level 1. HP: 11/11 MP: 3/3
   288 | D:1      | Reached XP level 2. HP: 10/17 MP: 0/4
   460 | D:1      | Learned a level 2 spell: Repel Missiles
  1016 | D:1      | Reached XP level 3. HP: 21/21 MP: 0/5
  1048 | D:1      | Reached skill level 1 in Conjurations
  1271 | D:2      | Reached skill level 4 in Air Magic
  1909 | D:2      | Reached XP level 4. HP: 27/27 MP: 2/7
  2607 | D:2      | Found an opulent altar of Gozag.
  2856 | D:3      | Found a faded altar to an unknown god.
  3011 | D:2      | Reached XP level 5. HP: 18/31 MP: 2/8
  3111 | D:3      | Noticed Ijyb
  3126 | D:3      | Killed Ijyb
  3395 | D:3      | Noticed Duffy's ghost (amateur DEFE)
  3795 | D:3      | Found a deep blue altar of Sif Muna.
  3806 | D:3      | Became a worshipper of Sif Muna the Loreminder
  3949 | D:3      | Found a burning altar of Makhleb.
  3949 | D:3      | Noticed a balrug
  4088 | D:4      | Reached skill level 1 in Short Blades
  4088 | D:4      | Reached XP level 6. HP: 25/37 MP: 0/9
  4241 | D:4      | Learned a level 2 spell: Swiftness
  4794 | D:4      | Noticed a phantom
  4822 | D:4      | Killed a phantom
  4978 | D:4      | Reached XP level 7. HP: 42/42 MP: 9/11
  5044 | D:5      | Entered Level 5 of the Dungeon
  5092 | D:5      | Reached skill level 1 in Fighting
  5414 | D:5      | Reached skill level 5 in Air Magic
  5759 | D:5      | Reached XP level 8. HP: 6/48 MP: 8/12
  6136 | D:5      | Reached skill level 5 in Stealth
  6462 | D:5      | Reached * piety under Sif Muna
  6844 | D:5      | Learned a level 5 spell: Lightning Bolt
  6873 | D:6      | Found Qytoc's Magic Scroll Shoppe.
  6880 | D:6      | Bought a scroll of remove curse for 30 gold pieces
  6880 | D:6      | Bought a scroll of fear for 35 gold pieces
  6880 | D:6      | Bought a scroll of summoning for 95 gold pieces
  6880 | D:6      | Bought a scroll of amnesia for 35 gold pieces
  6880 | D:6      | Bought a scroll of fog for 20 gold pieces
  6992 | D:6      | Reached skill level 5 in Dodging
  7146 | D:6      | Found a sparkling altar of Nemelex Xobeh.
  7183 | D:6      | Found an oddly glowing altar of Pakellas.
  7718 | D:6      | Found a basalt altar of Yredelemnul.
  7814 | D:7      | Reached XP level 9. HP: 54/54 MP: 14/14
  7927 | D:7      | Found a staircase to the Ecumenical Temple.
  7977 | D:7      | Reached skill level 6 in Air Magic
  8260 | D:7      | Reached ** piety under Sif Muna
  8303 | D:7      | Found a radiant altar of Vehumet.
  8777 | D:7      | Found a shimmering altar of Xom.
  8898 | D:7      | Got a heavily runed leather armour
  8935 | D:7      | Identified the cursed +0 leather armour of Hairiness {Regen+ Str+3 Int+4 Dex-2} (You took it off a gnoll on level 7 of the Dungeon)
  8950 | D:7      | Found a blossoming altar of Fedhas.
  9218 | D:8      | Found an opulent altar of Gozag.
  9267 | D:8      | Noticed a two-headed ogre
  9386 | D:8      | Reached skill level 5 in Spellcasting
  9402 | D:8      | Reached XP level 10. HP: 60/60 MP: 11/17
  9454 | D:8      | Noticed a cyclops
  9458 | D:8      | Reached skill level 1 in Armour
  9465 | D:8      | Killed a cyclops
  9465 | D:8      | Reached skill level 7 in Dodging
  9779 | D:8      | Reached *** piety under Sif Muna
  9980 | D:8      | Noticed an unseen horror
 10367 | D:8      | Reached skill level 5 in Conjurations
 10943 | D:8      | Killed an unseen horror
 10943 | D:8      | Reached skill level 8 in Air Magic
 11122 | D:8      | Reached XP level 11. HP: 66/66 MP: 11/19
 11207 | D:8      | Found a shattered altar of Ashenzari.
 11358 | D:8      | Found a stormy altar of Qazlal.
 11374 | D:8      | Found a blossoming altar of Fedhas.
 11658 | D:9      | Found an ancient bone altar of Kikubaaqudgha.
 11796 | D:9      | Reached **** piety under Sif Muna
 11808 | D:9      | Reached skill level 1 in Evocations
 11958 | D:9      | Found a bloodstained altar of Trog.
 11958 | D:9      | Found a white marble altar of Elyvilon.
 11975 | D:9      | Found a snail-covered altar of Cheibriados.
 12289 | D:9      | Found a glowing golden altar of the Shining One.
 12421 | D:10     | Entered Level 10 of the Dungeon
 12421 | D:10     | Noticed an unseen horror
 12444 | D:10     | Killed an unseen horror
 12946 | D:10     | Noticed a hill giant
 12975 | D:10     | Killed a hill giant
 13501 | D:10     | Noticed a skeletal warrior
 13502 | D:10     | Noticed a skeletal warrior
 13525 | D:10     | Noticed a skeletal warrior
 13525 | D:10     | Killed a skeletal warrior
 13525 | D:10     | Reached skill level 9 in Air Magic
 13534 | D:10     | Slain by a skeletal warrior

Vault maps used:
D:1:      dpeg_arrival_water_temple_mockup
D:2:      lemuel_upstairs_altar, nicolae_gozag_cash_rules_everything_around_me,
          first_bread
D:3:      lemuel_coloured_pillars_altar, makhleb_altar_promises_db,
          ecumenical_altar_2, uniq_iyjb
D:4:      hex_tiny, minmay_misc_feat_rows
D:5:      kennysheep_potato
D:6:      kennysheep_mini_moat, old_standard_altar, yredelemnul_altar_generic,
          serial_shops, shop_fountains
D:7:      fiery_altar_vehumet, marbit_many_paths,
          minmay_temple_entry_glassed_door, grunt_ogre_cave, tgw_xom
D:8:      hangedman_cross_cluster, grunt_qazlal_clouds, evilmike_ruin_ashenzari,
          hangedman_feature_mirror
D:9:      lemuel_crystal_altar, old_standard_altar,
          gammafunk_temple_overflow_pools, kiku_gazebo_garden_becter
D:10:     minmay_weird_star

Action                   |  1- 3 |  4- 6 |  7- 9 | 10-12 || total
-------------------------+-------+-------+-------+-------++-------
Melee: Unarmed           |     4 |       |       |       ||     4
       Dagger            |     4 |    54 |   119 |   183 ||   360
 Cast: Shock             |    57 |    66 |   184 |   173 ||   480
       Repel Missiles    |       |       |     1 |       ||     1
       Lightning Bolt    |       |       |       |    42 ||    42
       Swiftness         |       |       |       |     1 ||     1
Evoke: Wand              |       |       |       |    16 ||    16
       Deck              |       |       |       |     1 ||     1
  Use: Potion            |     1 |       |     2 |     6 ||     9
       Scroll            |       |       |     3 |     6 ||     9
 Stab: Sleeping          |     2 |     9 |     9 |     3 ||    23
       Distracted        |       |     1 |     2 |     1 ||     4
       Confused          |       |       |       |     1 ||     1
  Eat: Chunk             |     4 |     5 |    10 |    13 ||    32
       Meat ration       |       |     1 |     1 |     2 ||     4
       Fruit             |       |       |       |     7 ||     7
